 Dungeon Crawl Stone Soup version 0.25-a0-294-gea9b1ad378 (webtiles) character file.

Game seed: 1185405464250687846, levelgen mode: classic

126 Borgoz the Skirmisher (level 4, -1/41 HPs)
             Began as a Minotaur Fighter on Dec 18, 2019.
             Slain by a hippogriff (5 damage)
             ... on level 3 of the Dungeon.
             The game lasted 00:02:23 (1904 turns).

Borgoz the Skirmisher (Minotaur Fighter)            Turns: 1904, Time: 00:02:24

Health: -1/41      AC:  7    Str: 25    XL:     4   Next: 83%
Magic:  3/3        EV: 11    Int:  5    God:
Gold:   148        SH:  0    Dex: 11    Spells: 3/3 levels left

rFire    . . .     SeeInvis .   a - +0 long sword
rCold    . . .     Gourm    .   (no shield)
rNeg     . . .     Faith    .   b - +0 scale mail
rPois    .         Spirit   .   (helmet restricted)
rElec    .         Reflect  .   (no cloak)
rCorr    .         Harm     .   (no gloves)
MR       .....                  (no boots)
Stlth    ..........             p - amulet of regeneration (curse)
HPRegen  0.53/turn              (no ring)
MPRegen  0.08/turn              (no ring)

@: mighty
A: retaliatory headbutt, horns 2
a: no special abilities


You were on level 3 of the Dungeon.
You were not hungry.

You visited 1 branch of the dungeon, and saw 3 of its levels.

You collected 148 gold pieces.

Inventory:

Hand Weapons
 a - a +0 long sword (weapon)
Armour
 b - a +0 scale mail (worn)
Jewellery
 p - a cursed amulet of regeneration (around neck)
 u - an uncursed ring of protection from fire {unknown}
Scrolls
 e - 2 scrolls of remove curse {unknown}
 g - 2 scrolls of enchant weapon {unknown}
 h - a scroll of noise {unknown}
 i - a scroll of magic mapping {unknown}
 k - 3 scrolls of identify {unknown}
 l - a scroll of blinking {unknown}
 n - 3 scrolls of teleportation {unknown}
 o - a scroll of immolation {unknown}
 s - a scroll of enchant armour {unknown}
Potions
 c - a potion of agility {unknown}
 j - a potion of cancellation {unknown}
 m - 2 potions of berserk rage {unknown}
 q - a potion of flight {unknown}
 t - a potion of heal wounds {unknown}
Comestibles
 f - 4 rations


   Skills:
 + Level 4.6 Fighting
 + Level 3.7 Long Blades
 + Level 4.5 Armour
 + Level 2.2 Dodging
   Level 3.6 Shields


You had 3 spell levels left.
You didn't know any spells.
Your spell library was empty.

Dungeon Overview and Level Annotations

Branches:
Dungeon (3/15)

Altars:
Fedhas
Yredelemnul
The Shining One


Innate Abilities, Weirdness & Mutations

You reflexively headbutt those who attack you in melee.
You have a pair of horns on your head.


Message History

The hippogriff is heavily wounded.
The hippogriff bites you. The hippogriff pecks you. The hippogriff claws you.
You are too injured to fight recklessly!
You are too injured to fight recklessly!
You are too injured to fight recklessly!
You are too injured to fight recklessly!
You are too injured to fight recklessly!
You are too injured to fight recklessly!
You hit the hippogriff but do no damage.
The hippogriff is heavily wounded.
The hippogriff bites you but does no damage.
The hippogriff pecks you. The hippogriff claws you. The hippogriff bites you.
* * * LOW HITPOINT WARNING * * *
The hippogriff closely misses you. The hippogriff claws you.
* * * LOW HITPOINT WARNING * * *
You feel very mighty all of a sudden. The hippogriff bites you.
* * * LOW HITPOINT WARNING * * *
The hippogriff pecks you.
You die...

.. .. ##..#.. ...#.#
..##.## . #.##.. .
#.##.# #######.##.# ..
# #......rH@.#
...<..... .#####o##.#
#..#..#.### #.##.#
#..#....... #o##.#
#..##.#.### #o##.##
#..##.....# #.#...#
#..##......
..#...####..##...#.#
###.#.........##.....#
#....................+


You could see a hippogriff, an orc and a quokka.

Vanquished Creatures
  3 adders
  2 oozes (D:1)
  4 worms
  2 dart slugs
  A leopard gecko (D:2)
  3 orcs (D:3)
  A ball python (D:1)
  2 giant cockroaches
  7 goblins
  7 hobgoblins
  10 jackals (D:2)
  2 quokkas (D:3)
  4 bats
  4 frilled lizards
  9 kobolds
  6 rats
67 creatures vanquished.

Notes
Turn   | Place    | Note
-------+----------+-------------------------------------------
     0 | D:1      | Borgoz the Minotaur Fighter began the quest for the Orb.
     0 | D:1      | Reached XP level 1. HP: 19/19 MP: 0/0
   138 | D:1      | Reached XP level 2. HP: 27/27 MP: 1/1
   259 | D:1      | Reached skill level 1 in Dodging
   345 | D:1      | Reached XP level 3. HP: 33/33 MP: 2/2
   863 | D:2      | Reached XP level 4. HP: 26/41 MP: 3/3
  1082 | D:2      | Found a glowing golden altar of the Shining One.
  1082 | D:2      | Found a blossoming altar of Fedhas.
  1316 | D:2      | Found a basalt altar of Yredelemnul.
  1893 | D:3      | Noticed a hippogriff
  1904 | D:3      | Slain by a hippogriff

Levels and vault maps discovered:
D:1:      lemuel_arrival_broad_hall, layout_loops_cross
D:2:      layout_loops_ring, lemuel_coloured_pillars_altar,
          amethyst_overflow_temple_binary
D:3:      layout_basic, minmay_misc_feat_nine_boxes

Skill      XL: |  1  2  3  4 |
---------------+-------------+-----
Dodging        | 1 2 |  2.2
Fighting       | 4 |  4.6
Armour         | 4 |  4.5
Long Blades    | 3 |  3.7
Shields        | |  3.6

Action                   |  1- 3 |  4- 6 || total
-------------------------+-------+-------++-------
Melee: Long sword        |    65 |    74 ||   139
       Headbutt          |    16 |     7 ||    23
  Use: Potion            |       |     1 ||     1
  Eat: Chunk             |       |     3 ||     3
Armor: Scale mail        |    33 |    33 ||    66
Dodge: Dodged            |    36 |    48 ||    84
       Rpst.: Long sword |    10 |     6 ||    16

Table legend:
 A = Non-vault XP
 B = Vault XP
 C = Vault XP percentage of total XP
 D = Non-vault monster count
 E = Vault monster count
 F = Vault count percentage of total count
                 A         B        C        D         E       F
            +---------+---------+-------+---------+---------+-------
      Total |     180 |       0 |   0.0 |      67 |       0 |   0.0
            +---------+---------+-------+---------+---------+-------
        D:1 |      44 |       0 |   0.0 |      21 |       0 |   0.0
        D:2 |      93 |       0 |   0.0 |      32 |       0 |   0.0
        D:3 |      43 |       0 |   0.0 |      14 |       0 |   0.0
            +---------+---------+-------+---------+---------+-------
